 Dungeon Crawl Stone Soup version 0.18-a0-965-g9200175 (webtiles) character file.

123 filipzpl the Poker (level 5, -4/43 HPs)
             Began as a Merfolk Fighter on Jan 1, 2016.
             Killed by nerve-wracking pain
             ... invoked by Grinder
              (6 damage)
             ... on level 3 of the Dungeon.
             The game lasted 00:03:49 (2496 turns).

filipzpl the Poker (Merfolk Fighter)                Turns: 2496, Time: 00:03:49

Health: -4/43      AC:  7    Str: 17    XL:     5   Next: 7%
Magic:  5/5        EV:  6    Int:  7    God:
Gold:   143        SH:  9    Dex: 14    Spells: 0 memorised, 4 levels left

rFire  . . .     SeeInvis .     a - +0 trident
rCold  . . .     Gourm    .     b - +0 scale mail
rNeg   . . .     Faith    .     c - +0 shield
rPois  .         Spirit   .     (no helmet)
rElec  .         Dismiss  .     (no cloak)
rCorr  .         Reflect  .     (no gloves)
SustAt .         Harm     .     r - +0 pair of boots
MR     .....                    (no amulet)
Stlth  ..........               (no ring)
                                (no ring)

@: not resistant to hostile enchantments, extremely unstealthy
A: change form in water, swift swim
a: no special abilities


You were on level 3 of the Dungeon.
You were hungry.

You visited 1 branch of the dungeon, and saw 3 of its levels.

You collected 143 gold pieces.

Inventory:

Hand Weapons
 a - a +0 trident (weapon)
Armour
 b - a +0 scale mail (worn)
 c - a +0 shield (worn)
 r - a +0 pair of boots (worn)
Jewellery
 s - a cursed ring of loudness {unknown}
 z - an uncursed amulet of regeneration {unknown}
 A - a +5 amulet of reflection {unknown}
Wands
 w - a wand of polymorph (8/24)
 C - a wand of invisibility (1/9)
Scrolls
 e - 4 scrolls of remove curse {unknown}
 g - 3 scrolls of identify {unknown}
 h - 2 scrolls of amnesia {unknown}
 j - a scroll of magic mapping {unknown}
 k - a scroll of fear {unknown}
 m - a scroll of noise {unknown}
 p - a scroll of fog {unknown}
 t - a scroll of recharging {unknown}
 y - 2 scrolls of enchant weapon {unknown}
Potions
 d - a potion of might
 i - 3 potions of heal wounds {unknown}
 l - a potion of mutation {unknown}
 n - a potion of curing {unknown}
 o - 2 potions of magic {unknown}
 u - a potion of resistance {unknown}
 x - a potion of brilliance {unknown}
 B - 2 potions of cure mutation {unknown}
 D - a potion of degeneration {unknown}
 E - a potion of cancellation {unknown}
Comestibles
 f - 6 bread rations
 q - a slice of pizza
 v - a meat ration
 F - a beef jerky


   Skills:
 * Level 4.8 Fighting
 * Level 5.7 Polearms
 - Level 2.1 Armour
 - Level 3.0 Shields


You had 4 spell levels left.
You didn't know any spells.

Dungeon Overview and Level Annotations

Branches:
Dungeon (3/15)

Altars:
Dithmenos
Elyvilon
Pakellas
Xom
Zin

Annotations:
D:3 Grinder


Message History

Grinder gestures.
Grinder blinks!
Grinder gestures at you.
You suddenly lose the ability to move!
Grinder gestures at you. You resist with significant effort.
Grinder gestures at you.
You barely resist.
You can move again.
Grinder gestures at you. Pain shoots through your body!
* * * LOW HITPOINT WARNING * * *
You hit Grinder but do no damage.
Grinder is severely wounded.
Grinder hits you but does no damage.
You hit Grinder.
Grinder is almost dead.
Grinder gestures at you. Pain shoots through your body!
You die...

###.#..##### #+
#.........
#.######.###.###.
#..).....# #.# #.
####+###+#.####.###+###.
#..........# #...+_+...
#..........# #.#######.
#..........# ##.# ### #.
#.....5@...# #..#######(
#..........# #....).((..
#..........# #.########.
#.............. ..
#...).....##### #.
########### ##


You could see Grinder.

Vanquished Creatures
  A jelly (D:3)
  3 adders
  An ooze (D:3)
  2 worms
  A giant gecko (D:3)
  An orc (D:3)
  9 bats
  3 giant cockroaches
  6 goblins
  9 hobgoblins
  8 kobolds
  A quokka (D:2)
  2 giant newts
  8 rats
55 creatures vanquished.

Notes
Turn   | Place    | Note
--------------------------------------------------------------
     0 | D:1      | filipzpl the Merfolk Fighter began the quest for the Orb.
     0 | D:1      | Reached XP level 1. HP: 18/18 MP: 1/1
   422 | D:1      | Reached XP level 2. HP: 22/24 MP: 2/2
   766 | D:2      | Reached skill level 4 in Polearms
  1063 | D:2      | Reached XP level 3. HP: 26/30 MP: 3/3
  1687 | D:2      | Reached XP level 4. HP: 34/37 MP: 4/4
  1740 | D:2      | You fall through a shaft!
  1746 | D:3      | Found an oddly glowing altar of Pakellas.
  1756 | D:3      | Reached skill level 5 in Polearms
  1937 | D:3      | Noticed an angel
  1938 | D:3      | Found a shimmering altar of Xom.
  1938 | D:3      | Found a glowing silver altar of Zin.
  2096 | D:2      | Found a white marble altar of Elyvilon.
  2360 | D:3      | Reached XP level 5. HP: 43/43 MP: 5/5
  2460 | D:3      | Found a shadowy altar of Dithmenos.
  2476 | D:3      | Noticed Grinder
  2490 | D:3      | Paralysed by Grinder for 3 turns
  2493 | D:3      | HP: 2/43 [Grinder/nerve-wracking pain (13)]
  2496 | D:3      | Killed from afar by Grinder

Vault maps used:
D:1:      roderic_crop_circles_arrival_small
D:2:      minmay_door_path, lemuel_crystal_altar, first_bread
D:3:      grunt_temple_overflow_order_and_chaos_1, lemuel_doored_altar,
          nicolae_overflow_crystal_walls, uniq_grinder

Action                   |  1- 3 |  4- 6 || total
-------------------------+-------+-------++-------
Melee: Trident           |   146 |   105 ||   251
  Eat: Chunk             |     1 |     2 ||     3
       Beef jerky        |       |     1 ||     1
